 Dungeon Crawl Stone Soup version 0.22-a0-756-gc33bbe721d (webtiles) character file.

65 RedPan the Skirmisher (level 4, -3/48 HPs)
             Began as an Ogre Monk on July 16, 2018.
             Slain by Jessica
             ... wielding a +2 dagger of electrocution
              (14 damage)
             ... on level 2 of the Dungeon.
             The game lasted 00:02:00 (1038 turns).

RedPan the Skirmisher (Ogre Monk)                   Turns: 1038, Time: 00:02:00

Health: -3/48      AC:  3    Str: 15    XL:     4   Next: 13%
Magic:  4/4        EV: 11    Int: 11    God:
Gold:   79         SH:  0    Dex: 12    Spells: 3/3 levels left

rFire    . . .     SeeInvis .   d - +1 mace (protect)
rCold    . . .     Gourm    .   (no shield)
rNeg     . . .     Faith    .   b - +0 robe
rPois    .         Spirit   .   (helmet restricted)
rElec    .         Reflect  .   (no cloak)
rCorr    .         Harm     .   (gloves unavailable)
MR       .....                  (boots unavailable)
Stlth    ++........             (no amulet)
HPRegen  0.16/turn              (no ring)
MPRegen  0.09/turn              (no ring)

@: no status effects
A: large, unfitting armour, tough skin 1
a: no special abilities


You were on level 2 of the Dungeon.
You were not hungry.

You visited 1 branch of the dungeon, and saw 2 of its levels.

You collected 79 gold pieces.

Inventory:

Hand Weapons
 d - a +1 mace of protection (weapon)
Armour
 b - a +0 robe (worn)
Jewellery
 f - an uncursed ring of fire
Scrolls
 h - a scroll of immolation {unknown}
 i - a scroll of fear {unknown}
 j - a scroll of amnesia {unknown}
Potions
 e - a potion of degeneration {unknown}
 g - 2 potions of mutation {unknown}
Comestibles
 c - 3 rations


   Skills:
 - Level 4.0 Fighting
 * Level 3.9 Maces & Flails
 + Level 3.3 Dodging
 - Level 1.4 Stealth


You had 3 spell levels left.
You didn't know any spells.
Your spell library was empty.

Dungeon Overview and Level Annotations

Branches:
Dungeon (2/15)

Altars:

Annotations:
D:2 Jessica


Innate Abilities, Weirdness & Mutations

You are too large for most types of armour.
You have tough skin. (AC +1)


Message History

The adder barely misses you. The adder closely misses you.
Jessica casts a spell.
Jessica blinks!
You sock the adder!
You kill the adder!
You have reached level 4!
You feel sick.
Okay, then.
You start resting.
You feel sick. x3
Jessica is too close now for your liking.
Jessica casts a spell at you. Pain shoots through your body!
Jessica looks very angry.
Jessica gestures at you while chanting. Pain shoots through your body!
* * * LOW HITPOINT WARNING * * *
You feel sick.
You are no longer poisoned.
Jessica hits you but does no damage.
You are electrocuted!
You die...

. ####. ## ###
....###.##### #..
#..#....... #.# #.#.# #.#
#.#.# .#.# #.#.# ###.#.#
≈ #.#.# #...#.# §.. #.#.#
##.###@###.≈≈≈≈
#.#.#####...##.@).≈≈≈≈≈
###.#.....(.#....##...≈≈≈
..#.#######...#### ≈≈≈≈≈
#.#.# ####.### .≈≈≈ #.#.#
#...#..# ≈≈≈ #.#.#
#[##.#.# ≈≈ #.#.#
#.##.#.# ≈ ....# #.##.# #


You could see Jessica.

Vanquished Creatures
  2 adders (D:2)
  An ooze (D:1)
  A leopard gecko (D:1)
  3 ball pythons
  6 bats (D:1)
  4 giant cockroaches
  3 goblins
  6 hobgoblins (D:1)
  4 jackals (D:1)
  A kobold (D:1)
  2 frilled lizards (D:1)
  4 rats (D:1)
37 creatures vanquished.

Notes
Turn   | Place    | Note
-------+----------+-------------------------------------------
     0 | D:1      | RedPan the Ogre Monk began the quest for the Orb.
     0 | D:1      | Reached XP level 1. HP: 24/24 MP: 1/1
   244 | D:1      | Reached XP level 2. HP: 16/32 MP: 2/2
   535 | D:1      | Reached XP level 3. HP: 36/39 MP: 3/3
  1017 | D:2      | Noticed Jessica
  1023 | D:2      | Reached XP level 4. HP: 36/48 MP: 4/4
  1038 | D:2      | Slain by Jessica

Vault maps used:
D:1:      kilobyte_arrival_exit_the_forest, hex_tiny
D:2:      chequers_ecumenical_altar_island, uniq_jessica

Skill      XL: |  1  2 |
---------------+-------+-----
Maces & Flails | 3 |  3.9
Dodging        | 3 |  3.3
Fighting       | |  4.0
Stealth        | |  1.4

Action                   |  1- 3 |  4- 6 || total
-------------------------+-------+-------++-------
Melee: Mace              |   112 |       ||   112
 Stab: Sleeping          |     2 |       ||     2
  Eat: Chunk             |     1 |       ||     1
Armor: Robe              |    54 |     1 ||    55
Dodge: Dodged            |    96 |       ||    96

Table legend:
 A = Spawn XP
 B = Non-spawn XP
 C = Spawn XP percentage of total XP
 D = Spawn monster count
 E = Non-spawn monster count
 F = Spawn count percentage of total count
 G = Total turns spent on level
                    A         B        C        D         E        F      G
               +---------+---------+-------+---------+---------+-------+---------
         Total |       0 |      93 |   0.0 |       0 |      37 |   0.0 |  1038
               +---------+---------+-------+---------+---------+-------+---------
           D:1 |       0 |      61 |   0.0 |       0 |      32 |   0.0 |   944
           D:2 |       0 |      32 |   0.0 |       0 |       5 |   0.0 |    94
               +---------+---------+-------+---------+---------+-------+---------
